[gd_scene load_steps=10 format=2]

[ext_resource path="res://Scenes/EnemyBulletBig.tscn" type="PackedScene" id=1]
[ext_resource path="res://Scenes/Explosion.tscn" type="PackedScene" id=2]
[ext_resource path="res://Sprites/enemy_1.png" type="Texture" id=3]
[ext_resource path="res://Scripts/EnemyDrone.gd" type="Script" id=4]
[ext_resource path="res://Sounds/eshoot.wav" type="AudioStream" id=5]

[sub_resource type="RectangleShape2D" id=1]
extents = Vector2( 6, 6 )

[sub_resource type="CircleShape2D" id=2]
radius = 93.0

[sub_resource type="Animation" id=3]
resource_name = "hurt"
length = 0.1
tracks/0/type = "method"
tracks/0/path = NodePath(".")
tracks/0/interp = 1
tracks/0/loop_wrap = true
tracks/0/imported = false
tracks/0/enabled = true
tracks/0/keys = {
"times": PoolRealArray( 0, 0.1 ),
"transitions": PoolRealArray( 1, 1 ),
"values": [ {
"args": [  ],
"method": "white"
}, {
"args": [  ],
"method": "nowhite"
} ]
}

[sub_resource type="Animation" id=4]
resource_name = "wep"
length = 2.0
loop = true
tracks/0/type = "value"
tracks/0/path = NodePath("Sprite:frame")
tracks/0/interp = 1
tracks/0/loop_wrap = true
tracks/0/imported = false
tracks/0/enabled = true
tracks/0/keys = {
"times": PoolRealArray( 0, 1.7, 1.8, 1.9 ),
"transitions": PoolRealArray( 1, 1, 1, 1 ),
"update": 1,
"values": [ 0, 1, 2, 3 ]
}

[node name="EnemyDrone" type="KinematicBody2D" groups=[
"mobs",
]]
collision_layer = 2
collision_mask = 2
script = ExtResource( 4 )
explosion = ExtResource( 2 )
bullet = ExtResource( 1 )

[node name="Sprite" type="Sprite" parent="."]
texture = ExtResource( 3 )
hframes = 4

[node name="CollisionShape2D" type="CollisionShape2D" parent="."]
visible = false
shape = SubResource( 1 )

[node name="DetectRadius" type="Area2D" parent="."]
visible = false

[node name="CollisionShape2D" type="CollisionShape2D" parent="DetectRadius"]
shape = SubResource( 2 )

[node name="Flash" type="AnimationPlayer" parent="."]
anims/hurt = SubResource( 3 )

[node name="Timer" type="Timer" parent="."]
wait_time = 2.0
autostart = true

[node name="AnimationPlayer" type="AnimationPlayer" parent="."]
anims/wep = SubResource( 4 )

[node name="AudioStreamPlayer2D" type="AudioStreamPlayer2D" parent="."]
stream = ExtResource( 5 )
volume_db = 5.0

[connection signal="body_entered" from="DetectRadius" to="." method="_on_DetectRadius_body_entered"]
[connection signal="body_exited" from="DetectRadius" to="." method="_on_DetectRadius_body_exited"]
[connection signal="timeout" from="Timer" to="." method="_on_Timer_timeout"]
